 Dungeon Crawl Stone Soup version 0.25.1-2-g60ff931df9 (webtiles) character file.

Game seed: 3179035600475643321

3042891 Amplified the Minotaur Barricade (level 27, 273/273 HPs)
             Began as a Minotaur Berserker on Aug 30, 2020.
             Was a High Priest of Trog.
             Escaped with the Orb
             ... and 5 runes on Sept 11, 2020!
             The game lasted 02:27:27 (77184 turns).

Amplified the Minotaur Barricade (MiBe)            Turns: 77184, Time: 02:27:28

Health: 273/273    AC: 22    Str: 32    XL:     27
Magic:  30/30      EV: 30    Int:  5    God:    Trog [*****.]
Gold:   5254       SH: 38    Dex: 14    Spells: 26/26 levels left

rFire    + + +     SeeInvis +   W - +5 trishula (holy)
rCold    + + +     Gourm    .   T - +10 tower shield of Ignorance {rN+ Int-4}
rNeg     + + +     Faith    .   p - +1 faerie dragon scales {+Inv rPois rCorr}
rPois    +         Spirit   .   Q - +2 hat {MR+}
rElec    +         Reflect  .   K - scarf {rC+ rF+}
rCorr    +         Harm     .   S - +2 pair of gloves {Dex+3}
MR       +++++                  R - +0 pair of boots "Forget-Me-Not" {+Fly MR++ Str+4 Stlth+}
Stlth    +.........             a - amulet of the Hare {rC+ rN+ Regen+}
HPRegen  0.95/turn              d - ring of Jineziny {*Drain rElec rF+++ MR+ Slay+6}
MPRegen  0.22/turn              O - ring "Poaz" {rPois rN++ Int+5 Stlth-}

@: no status effects
A: retaliatory headbutt, horns 2, see invisible, clumsy 1, cold resistance 1,
dopey 2, sense surroundings 1
0: Orb of Zot
}: 5/15 runes: decaying, serpentine, slimy, silver, abyssal
a: Berserk, Trog's Hand, Brothers in Arms, Renounce Religion, Evoke
Invisibility, Evoke Flight


You escaped.
You worshipped Trog.
Trog was extremely pleased with you.
You were very full.

You visited 11 branches of the dungeon, and saw 57 of its levels.
You visited the Abyss 2 times.
You visited 1 ziggurat, and saw 8 of its levels.
You also visited: Trove, Sewer and Volcano.

You collected 12202 gold pieces.
You spent 6948 gold pieces at shops.

Inventory:

Hand Weapons
 j - a +9 antimagic demon trident
 W - a +5 trishula of holy wrath (weapon)
Missiles
 e - 112 poisoned darts (quivered)
 o - 8 throwing nets
 w - 22 curare-tipped darts
Armour
 k - +2 gold dragon scales
 l - the +1 pair of gloves of Kacyiv {rPois rC++ Int-4 Stlth+}
   (You acquired it on level 3 of the Abyss)

   It affects your intelligence (-4).
   It greatly protects you from cold.
   It protects you from poison.
   It makes you more stealthy.
 p - the +1 faerie dragon scales (worn) {+Inv rPois rCorr}
   (You took it off the Enchantress on level 1 of the Depths)

   It protects you from poison.
   It lets you turn invisible.
   It provides partial protection from all sources of acid and corrosion.
 B - the +7 ring mail "Udwinet" {-Tele rF+++ Int+2 Dex+4}
   (You bought it in a shop on level 2 of the Orcish Mines)

   It affects your intelligence (+2).
   It affects your dexterity (+4).
   It renders you almost immune to fire.
   It prevents most forms of teleportation.
 D - the +3 ring mail of Imperfection {rF+ rN+}
   (You found it on level 3 of the Depths)

   It protects you from fire.
   It protects you from negative energy.
 J - the +5 robe of Night {Dark MR+ SInv}
   (You found it on level 8 of a ziggurat)

   It affects your resistance to hostile enchantments.
   It lets you see invisible.
 K - a scarf of resistance (worn)
 Q - a +2 hat of magic resistance (worn)
 R - the +0 pair of boots "Forget-Me-Not" (worn) {+Fly MR++ Str+4 Stlth+}
   (You found it on level 2 of the Abyss)

   It affects your strength (+4).
   It affects your resistance to hostile enchantments.
   It lets you fly.
   It makes you more stealthy.
 S - a +2 pair of gloves of dexterity (worn)
 T - the +10 tower shield of Ignorance (worn) {rN+ Int-4}
   (You found it on level 1 of the Orcish Mines)

   It affects your intelligence (-4).
   It protects you from negative energy.
Jewellery
 a - the amulet of the Hare (around neck) {rC+ rN+ Regen+}
   (You found it in a treasure trove)

   [amulet of regeneration]

   It protects you from cold.
   It protects you from negative energy.
   It increases your rate of regeneration.
 d - the ring of Jineziny (left hand) {*Drain rElec rF+++ MR+ Slay+6}
   (You found it on level 3 of the Crypt)

   [ring of protection from magic]

   It affects your accuracy and damage with ranged weapons and melee attacks
   (+6).
   It renders you almost immune to fire.
   It insulates you from electricity.
   It affects your resistance to hostile enchantments.
   It causes draining when unequipped.
 g - the ring "Jagarphasm" {*Contam rElec rF+++ rCorr Str+3}
   (You found it in a treasure trove)

   [ring of resist corrosion]

   It affects your strength (+3).
   It renders you almost immune to fire.
   It insulates you from electricity.
   It causes magical contamination when unequipped.
   It provides partial protection from all sources of acid and corrosion.
 i - the ring "Ustergh" {rF- rC++ rN+ Dex+2 Stlth+}
   (You found it on level 3 of a ziggurat)

   [ring of positive energy]

   It affects your dexterity (+2).
   It makes you vulnerable to fire.
   It greatly protects you from cold.
   It protects you from negative energy.
   It makes you more stealthy.
 m - the ring of Liebov {rC+ MR+ Str-3 Int+3 Stlth+}
   (You took it off a deep elf demonologist on level 3 of the Elven Halls)

   [ring of stealth]

   It affects your strength (-3).
   It affects your intelligence (+3).
   It protects you from cold.
   It affects your resistance to hostile enchantments.
   It makes you more stealthy.
 r - the ring of Qeif {+Inv rF+ rN+}
   (You acquired it on level 2 of the Depths)

   [ring of protection from fire]

   It protects you from fire.
   It protects you from negative energy.
   It lets you turn invisible.
 z - the ring of Egomania {rPois rF++ rC- Int+4}
   (You found it on level 5 of a ziggurat)

   [ring of poison resistance]

   It affects your intelligence (+4).
   It greatly protects you from fire.
   It makes you vulnerable to cold.
   It protects you from poison.
 O - the ring "Poaz" (right hand) {rPois rN++ Int+5 Stlth-}
   (You found it in a treasure trove)

   [ring of poison resistance]

   It affects your intelligence (+5).
   It protects you from poison.
   It greatly protects you from negative energy.
   It makes you less stealthy.
 V - the ring "Tautuedd" {rF+ rC+ Int+5}
   (You found it in a treasure trove)

   [ring of protection from fire]

   It affects your intelligence (+5).
   It protects you from fire.
   It protects you from cold.
 Y - the ring "Boehi" {rF+ MP+9 Str+6 Dex+4 Slay+3}
   (You found it in a treasure trove)

   [ring of strength]

   It affects your strength (+6).
   It affects your dexterity (+4).
   It affects your accuracy and damage with ranged weapons and melee attacks
   (+3).
   It protects you from fire.
   It affects your magic capacity (+9).
Wands
 n - a wand of acid (17)
 t - a wand of iceblast (35)
 y - a wand of clouds (10)
 E - a wand of disintegration (73)
 F - a wand of digging (9)
Scrolls
 b - 35 scrolls of remove curse
 h - 4 scrolls of fear
 v - 2 scrolls of blinking
 L - 2 scrolls of magic mapping
 N - 3 scrolls of fog
 U - a scroll of summoning
 Z - 14 scrolls of teleportation
Potions
 f - 29 potions of curing
 s - 6 potions of magic
 u - 6 potions of ambrosia
 x - a potion of heal wounds
 G - a potion of cancellation
 H - a potion of mutation
 I - 8 potions of resistance
 M - 7 potions of lignification
 P - 6 potions of haste
Miscellaneous
 q - 4 phantom mirrors
Comestibles
 c - 50 rations


   Skills:
 O Level 27 Fighting
 * Level 19.0 Polearms
 O Level 27 Armour
 O Level 27 Dodging
 O Level 27 Shields
 * Level 11.0 Evocations


You had 26 spell levels left.
You didn't know any spells.
Your spell library contained the following spells:

 Spells                   Type           Power        Failure   Level  Hunger
 Animate Skeleton         Necr           N/A          50%         1    ##.....
 Beastly Appendage        Tmut           #.....       50%         1    ##.....
 Corona                   Hex            #......      50%         1    ##.....
 Foxfire                  Conj/Fire      #...         50%         1    ##.....
 Freeze                   Ice            #...         50%         1    ##.....
 Infusion                 Chrm           #...         50%         1    ##.....
 Magic Dart               Conj           #...         50%         1    ##.....
 Summon Small Mammal      Summ           #...         50%         1    ##.....
 Blink                    Tloc           N/A          65%         2    ###....
 Call Imp                 Summ           #.......     65%         2    ###....
 Corpse Rot               Necr/Air       N/A          65%         2    ###....
 Ensorcelled Hibernation  Hex/Ice        #.....       65%         2    ###....
 Passwall                 Tmut/Erth      #.......     65%         2    ###....
 Poisonous Vapours        Pois/Air       #.....       65%         2    ###....
 Shroud of Golubria       Chrm/Tloc      #.....       65%         2    ###....
 Slow                     Hex            #.......     65%         2    ###....
 Song of Slaying          Chrm           #.......     65%         2    ###....
 Sublimation of Blood     Necr           #.........   65%         2    ###....
 Swiftness                Chrm/Air       #.......     65%         2    ###....
 Call Canine Familiar     Summ           #.......     86%         3    ####...
 Confusing Touch          Hex            #.......     86%         3    ####...
 Conjure Flame            Conj/Fire      #.......     86%         3    ####...
 Dazzling Flash           Conj/Hex       #.....       86%         3    ####...
 Frozen Ramparts          Ice            #.....       86%         3    ####...
 Gell's Gravitas          Tloc           #.........   86%         3    ####...
 Ignite Poison            Fire/Tmut/Pois #.......     86%         3    ####...
 Lesser Beckoning         Tloc           #.........   86%         3    ####...
 Mephitic Cloud           Conj/Pois/Air  #.......     86%         3    ####...
 Ozocubu's Armour         Chrm/Ice       #.......     86%         3    ####...
 Portal Projectile        Hex/Tloc       #.....       86%         3    ####...
 Recall                   Summ/Tloc      N/A          86%         3    ####...
 Spectral Weapon          Hex/Chrm       #.......     86%         3    ####...
 Spider Form              Tmut/Pois      #.........   86%         3    ####...
 Stone Arrow              Conj/Erth      #.....       86%         3    ####...
 Summon Guardian Golem    Hex/Summ       #.......     86%         3    ####...
 Tukima's Dance           Hex            #.......     86%         3    ####...
 Cause Fear               Hex            #.........   99%         4    #####..
 Dispel Undead            Necr           #.......     99%         4    #####..
 Fulminant Prism          Conj/Hex       #.........   99%         4    #####..
 Ice Form                 Ice/Tmut       #.......     99%         4    #####..
 Leda's Liquefaction      Hex/Erth       #.........   99%         4    #####..
 Petrify                  Tmut/Erth      #.......     99%         4    #####..
 Summon Ice Beast         Ice/Summ       #.......     99%         4    #####..
 Summon Lightning Spire   Summ/Air       #.......     99%         4    #####..
 Agony                    Necr           #.......     100%        5    ######.
 Alistair's Intoxication  Tmut/Pois      #.......     100%        5    ######.
 Aura of Abjuration       Summ           #.........   100%        5    ######.
 Bolt of Magma            Conj/Fire/Erth #.........   100%        5    ######.
 Excruciating Wounds      Chrm/Necr      #.........   100%        5    ######.
 Irradiate                Conj/Tmut      #.........   100%        5    ######.
 Lee's Rapid Deconstruct  Erth           #.........   100%        5    ######.
 Metabolic Englaciation   Hex/Ice        #.........   100%        5    ######.
 Silence                  Hex/Air        #.........   100%        5    ######.
 Summon Demon             Summ           #.........   100%        5    ######.
 Summon Forest            Summ/Tloc      #.........   100%        5    ######.
 Summon Mana Viper        Hex/Summ       #.......     100%        5    ######.
 Yara's Violent Unravell  Hex/Tmut       #.........   100%        5    ######.
 Conjure Ball Lightning   Conj/Air       #.........   100%        6    #######
 Darkness                 Hex            #.........   100%        6    #######
 Dispersal                Tloc           #.........   100%        6    #######
 Eringya's Noxious Bog    Tmut/Pois      #.........   100%        6    #######
 Freezing Cloud           Conj/Ice/Air   #.........   100%        6    #######
 Hydra Form               Tmut           #.........   100%        6    #######
 Invisibility             Hex            #.......     100%        6    #######
 Iron Shot                Conj/Erth      #.........   100%        6    #######
 Ozocubu's Refrigeration  Ice            #.........   100%        6    #######
 Shadow Creatures         Summ           N/A          100%        6    #######
 Simulacrum               Ice/Necr       #.........   100%        6    #######
 Statue Form              Tmut/Erth      #........    100%        6    #######
 Dragon Form              Tmut           #.........   100%        7    #######
 Ring of Flames           Chrm/Fire      #.........   100%        7    #######
 Summon Hydra             Summ           #.........   100%        7    #######
 Controlled Blink         Tloc           N/A          100%        8    #######
 Discord                  Hex            #.........   100%        8    #######
 Disjunction              Tloc           #.........   100%        8    #######
 Dragon's Call            Summ           #.........   100%        9    #######
 Shatter                  Erth           #.........   100%        9    #######
 Tornado                  Air            #.........   100%        9    #######
 Passage of Golubria      Tloc           Unusable     N/A         4    N/A

Dungeon Overview and Level Annotations

Branches:
Dungeon (15/15)            Temple (0/1) D:6            Lair (6/6) D:11
  Swamp (4/4) Lair:4        Snake (4/4) Lair:4        Slime (5/5) Lair:5
    Orc (2/2) D:12            Elf (3/3) Orc:2        Vaults (5/5) D:13
  Crypt (3/3) Vaults:2       Tomb (0/3) Crypt:3      Depths (5/5) D:15
    Zot (5/5) Depths:5      Sewer (visited)         Volcano (visited)

Altars:
Fedhas
Hepliaklqana
Kikubaaqudgha
Okawaru
Uskayaw
Vehumet
Wu Jian
Xom
Beogh
Jiyva

Shops:
D:5 *   D:9 !   D:11 =   Orc:2 *[[[   Elf:1 [   Elf:2 =   Snake:2 *=}}
Snake:4 (%=(   Vaults:4 ?

Portals:
Hell: Depths:1 Depths:2 Depths:3 Depths:4 Depths:5
Abyss: Depths:2 Depths:4
Pandemonium: Depths:3

Annotations:
D:3 Ijyb
D:14 2 runed translucent doors, Cown's ghost, journeyman TrHu
Snake:4 Artifacts and money
Depths:2 1 transporter, lllmatko's ghost, veteran MiBe
Zot:4 2 transporters


Innate Abilities, Weirdness & Mutations

You reflexively headbutt those who attack you in melee.
You have a pair of horns on your head.
You have supernaturally acute eyesight. (SInv)
You are clumsy. (Dex -2)
Your flesh is cold resistant. (rC+)
You are very dopey. (Int -4)
You passively map a small area around you.


Message History

You climb upwards.
Level annotation: Ijyb
There is a stone staircase leading down here.
There is a stone staircase leading up here.
You climb upwards.
There is a stone staircase leading down here.
There is a stone staircase leading up here.
You climb upwards.
There is a stone staircase leading down here.
As you read the scroll of teleportation, it crumbles to dust.
You feel strangely unstable.
You feel the Orb delaying your translocation!
You start waiting.
Your surroundings suddenly seem different.
You see here a +0 animal skin.
An Executioner and 2 large abominations come into view.
The Executioner moves out of view.
The large abomination moves out of view.
There is a staircase leading out of the dungeon here.
You have escaped!

####### ######.....###
#............#
#.#.....#....######
#.#.....#.........####
#.#.....#.##.####.....
#.#.....#..#X########.
#.#..@..#..........#..
#.#.....#.1...........
#.#.....#.##..........
##.#.....#...##........
#..#.....#...##........
#......................
#.#.....(..>.##........
#............####..#...
#########.#### #......


You could see an Executioner.

Vanquished Creatures
  the Royal Jelly (Slime:5)
  9 ancient liches
  2 orbs of fire (Zot:5)
  Mennas (Crypt:2)
  2 juggernauts
  3 Killer Klowns
  Bai Suzhen (Vaults:2)
  Saint Roka (Vaults:2)
  3 curse toes
  3 golden dragons
  A pandemonium lord (Depths:3)
  Jory (Vaults:4)
  7 bone dragons
  the Enchantress (Depths:1)
  A profane servitor (Depths:2)
  A Brimstone Fiend (Zot:4)
  An electric golem (Zot:5)
  Jorgrun (Snake:3)
  17 tentacled monstrosities
  4 liches
  Asterion (Vaults:3)
  22 Orb Guardians (Zot:5)
  A Hell Sentinel (Depths:2)
  2 titans
  6 quicksilver dragons
  3 deep elf blademasters
  19 acid blobs
  4 Executioners
  Gastronok (Lair:3)
  6 sphinxes
  17 tentacled starspawn
  2 deep elf master archers (Elf:3)
  5 ancient champions (Crypt:3)
  8 storm dragons
  5 shadow dragons
  9 death cobs
  5 draconian monks
  5 nagarajas (Snake:4)
  10 tengu reavers
  A daeva (Abyss:1)
  The ghost of lasso the Thaumaturge, an adept GrIE of Vehumet (Elf:2)
  2 revenants (Crypt:3)
  5 azure jellies
  6 ghost moths
  12 fire giants
  14 frost giants
  2 draconian scorchers
  A balrug (Zot:5)
  18 vault wardens
  4 deep elf sorcerers
  3 iron dragons (Vaults:5)
  Aizul (Snake:2)
  2 curse skulls
  3 draconian shifters
  5 deep elf elementalists
  7 ghouls
  3 draconian annihilators (Depths:5)
  4 reapers
  3 draconian knights
  2 orc warlords
  2 draconian stormcallers
  3 spriggan defenders (Depths:1)
  19 ironheart preservers
  2 emperor scorpions (Zig:8)
  4 entropy weavers
  2 war gargoyles (Vaults:5)
  27 very ugly things
  29 stone giants
  An ophan (Abyss:1)
  9 deep elf demonologists
  12 purple draconians
  11 deep elf annihilators
  7 vampire knights
  8 green draconians
  A dire elephant (shapeshifter) (Abyss:1)
  4 spark wasps
  5 yellow draconians
  12 white draconians
  12 black draconians
  10 red draconians
  27 ettins
  15 deep elf death magi
  4 blizzard demons
  2 merfolk javelineers
  7 eidola
  A green death (Abyss:3)
  2 quicksilver dragon zombies
  8 fire dragons
  2 crystal guardians
  16 yaktaur captains
  3 death oozes (Slime:5)
  7 jiangshi
  6 deep elf high priests
  17 great orbs of eyes
  8 rakshasas
  29 vault guards
  9 ice dragons
  24 hydras
  3 spriggan air magi
  13 centaur warriors
  4 ghost crabs
  20 naga warriors
  5 death knights
  A catoblepas (Lair:4)
  2 tengu warriors (D:14)
  Erica (Orc:1)
  A shambling mangrove (Swamp:1)
  7 anacondas
  15 ogre magi
  51 two-headed ogres
  The ghost of kalagan the Skirmisher, a journeyman GrFi of the Shining One (Lair:1)
  8 deep troll shamans
  4 vampire magi
  5 thrashing horrors
  2 alligators
  28 dancing weapons
  14 deep troll earth magi
  7 orc high priests
  18 large abominations
  8 naga sharpshooters
  5 spriggan berserkers
  2 storm dragon zombies
  23 deep elf knights
  An iron golem (Zig:7)
  5 shock serpents
  A soul eater (Abyss:4)
  3 fire crabs (Swamp:4)
  4 sun demons
  8 hell knights
  13 wretched stars
  Sonja (Lair:1)
  4 spatial maelstroms
  21 skeletal warriors
  41 deep trolls
  2 sixfirhies
  A spark wasp zombie (Zig:7)
  4 storm dragon skeletons
  A golden dragon zombie (Crypt:1)
  3 shadow wraiths
  A deep troll (shapeshifter) (Depths:4)
  3 unseen horrors
  4 salamander mystics
  A death drake (Depths:5)
  2 shadow demons
  A torturous demonspawn (Depths:3)
  2 spriggan druids
  5 flayed ghosts
  8 orange crystal statues
  4 obsidian statues
  12 glowing orange brains
  7 naga ritualists
  6 phantasmal warriors
  7 wizards
  7 swamp dragons
  13 ironbrand convokers
  12 necromancers
  87 deep elf magi
  2 wolf spiders (Vaults:2)
  2 lindwurms (Depths:5)
  21 orc knights
  22 deep elf archers
  An iron dragon zombie (Abyss:1)
  10 harpies
  A sphinx zombie (Crypt:1)
  7 mana vipers
  2 orb spiders (shapeshifter)
  19 salamanders
  2 mana vipers (shapeshifter)
  3 stone giant zombies
  28 ugly things
  2 orc sorcerers
  A wolf spider (shapeshifter) (Vaults:2)
  An orb spider (Zig:8)
  A frost giant zombie (Crypt:3)
  5 oklob plants
  4 manticores
  3 shining eyes
  4 worldbinders
  4 cyclopes
  4 apocalypse crabs
  A fire giant skeleton (Depths:1)
  20 moths of wrath
  2 rust devils
  An ice statue (Zig:7)
  28 naga magi
  Joseph (Lair:1)
  A torpor snail (Zig:8)
  2 frost giant skeletons
  35 black mambas
  4 elephants (Lair:2)
  15 vault sentinels
  4 guardian serpents
  5 eyes of devastation
  5 smoke demons
  3 gargoyles
  17 spiny frogs
  47 yaktaurs
  A yaktaur zombie (Zig:3)
  4 centaur skeletons
  3 hellions
  A sea snake zombie (Crypt:1)
  2 spiny frogs (shapeshifter)
  2 orange demons
  A grey draconian zombie (Crypt:1)
  A swamp worm zombie (Crypt:2)
  A demonic crawler (Depths:3)
  An emperor scorpion zombie (Crypt:2)
  A green draconian zombie (Crypt:1)
  6 hellwings
  2 anaconda simulacra
  An efreet (Abyss:4)
  2 komodo dragons (shapeshifter)
  17 small abominations
  A yaktaur (shapeshifter) (Depths:4)
  A yellow draconian skeleton (Crypt:1)
  A tormentor (Abyss:2)
  9 rime drakes
  A grey draconian skeleton (Crypt:1)
  7 freezing wraiths
  6 komodo dragons
  5 ice devils
  3 tengu conjurers
  A purple draconian skeleton (Crypt:3)
  8 ancient zymes
  A sea snake skeleton (Crypt:2)
  50 orc warriors
  A silent spectre (Abyss:1)
  2 polar bears (shapeshifter)
  10 red devils
  7 polar bears
  A hydra zombie (Crypt:1)
  A meliai (shapeshifter) (D:14)
  A troll (shapeshifter) (Depths:5)
  6 trolls
  A queen bee (shapeshifter) (Vaults:4)
  35 raiju
  A wind drake (Depths:5)
  8 bog bodies
  A wolf spider simulacrum (Crypt:1)
  32 blink frogs
  A harpy skeleton (Crypt:1)
  A fire dragon zombie (Zig:3)
  19 hornets
  10 tyrant leeches
  An ettin zombie (Vaults:4)
  15 hippogriffs
  7 dream sheep (Lair:6)
  A satyr zombie (Crypt:3)
  2 ice dragon zombies (Depths:1)
  74 slime creatures
  A frost giant simulacrum (Depths:2)
  2 vampires (D:13)
  7 air elementals
  15 water elementals
  4 shadows
  2 tarantellas (Zig:8)
  An alligator skeleton (Crypt:3)
  24 flying skulls
  10 ynoxinuls
  25 spriggans
  5 redbacks
  A satyr skeleton (Crypt:2)
  44 yaks
  6 wraiths
  4 wyverns
  5 fire bats
  8 golden eyes
  A black mamba skeleton (Crypt:3)
  6 neqoxecs
  A golden eye (shapeshifter) (Vaults:2)
  9 basilisks
  A hog (shapeshifter) (Depths:2)
  Grum (Lair:1)
  A minotaur simulacrum (Crypt:3)
  5 fire elementals
  3 steam dragons (Swamp:4)
  4 chaos spawn
  A hungry ghost (D:9)
  14 vampire mosquitoes
  Menkaure (D:6)
  6 spatial vortices
  45 nagas
  14 swamp worms
  A soldier ant (D:13)
  6 wargs
  2 monstrous demonspawn zombies
  2 acid dragons
  5 insubstantial wisps (Swamp:4)
  11 water moccasins
  15 porcupines
  A hell hound (Volcano)
  A gelid demonspawn skeleton (Crypt:3)
  2 ettin simulacra
  2 floating eyes
  A sky beast (shapeshifter) (Vaults:5)
  5 sky beasts
  9 black bears
  A meliai simulacrum (D:15)
  5 phantoms
  A black bear (shapeshifter) (Vaults:2)
  A hornet zombie (D:15)
  3 ice beasts
  18 swamp drakes
  2 eyes of draining (shapeshifter)
  A wolf (shapeshifter) (Depths:2)
  A lindwurm zombie (Crypt:3)
  6 eyes of draining
  3 necrophages
  27 wolves
  18 boggarts
  40 ogres
  A snapping turtle skeleton (Crypt:3)
  A human skeleton (Vaults:4)
  A manticore skeleton (Crypt:3)
  22 centaurs
  14 crocodiles
  A lindwurm skeleton (Crypt:1)
  A human zombie (Vaults:4)
  4 big kobolds
  4 earth elementals
  16 bullfrogs
  A human simulacrum (Vaults:4)
  A wyvern skeleton (D:13)
  A raiju zombie (Crypt:3)
  2 scorpions
  2 elf simulacra (Vaults:4)
  25 killer bees
  A queen bee zombie (Crypt:2)
  14 wights
  An electric eel (Lair:4)
  A howler monkey (D:10)
  A troll skeleton (Crypt:2)
  4 crimson imps
  3 centaur zombies
  32 starcursed masses
  3 quasits
  11 jellies
  Crazy Yiuf (D:5)
  10 hounds
  28 orc priests
  2 bullfrog skeletons
  13 orc wizards
  8 iron imps
  A hell rat (Lair:6)
  6 iguanas
  11 worker ants
  A demigod skeleton (Crypt:3)
  A dwarf skeleton (Crypt:3)
  A big kobold skeleton (Crypt:3)
  2 hound skeletons
  A worker ant zombie (D:7)
  6 gnolls
  10 adders
  A river rat (D:4)
  4 shadow imps
  3 white imps
  6 ufetubi
  7 oozes
  2 adder skeletons
  An adder zombie (D:5)
  12 worms
  A barachi skeleton (Crypt:1)
  2 dart slugs
  5 leopard geckos
  75 orcs
  12 giant cockroaches
  5 goblins
  6 hobgoblins
  17 jackals
  3 quokkas
  3 ball pythons
  20 bats
  7 frilled lizards
  20 kobolds
  2 quokka skeletons
  2 quokka zombies
  15 rats
  A fungus (Lair:1)
  2 lurking horrors
  A plant (Lair:6)
  14 starspawn tentacles
2905 creatures vanquished.

Vanquished Creatures (collateral kills)
  Mara (Vaults:5)
  An acid blob (Slime:5)
  A tentacled starspawn (Zig:5)
  An ancient champion (Crypt:2)
  A draconian monk (Depths:5)
  2 frost giants (Depths:2)
  A spriggan defender (Depths:2)
  A draconian shifter (Depths:5)
  A stone giant (Vaults:5)
  2 red draconians (Depths:5)
  Snorg (Orc:1)
  A purple draconian (Depths:5)
  An ettin (Vaults:5)
  2 death oozes (Slime:5)
  A spriggan berserker (Depths:2)
  A shadow wraith (Vaults:3)
  A deep troll (Vaults:5)
  A phantasmal warrior (Crypt:2)
  2 yaktaurs (Vaults:3)
  Duvessa (D:7)
  3 ogres (Vaults:5)
  Dowan (D:7)
  3 starcursed masses
  A starspawn tentacle (Zig:5)
32 creatures vanquished.

Vanquished Creatures (others)
  A draconian knight (Zot:1)
  A vault warden (Vaults:4)
  A dancing weapon (Elf:1)
  2 naga sharpshooters (Snake:2)
  2 swamp dragons (Swamp:4)
  A deep troll (Depths:5)
  An apocalypse crab (Abyss:4)
  A yaktaur (Depths:3)
  A tyrant leech (Swamp:4)
  A hornet (Swamp:2)
  A water elemental (Elf:3)
  A spriggan (Depths:1)
  A golden eye (Abyss:4)
  2 steam dragons (Swamp:4)
  A naga (Snake:3)
  An insubstantial wisp (Swamp:4)
  A porcupine (Lair:5)
  4 swamp drakes (Swamp:4)
  5 boggarts
  A centaur (shapeshifter) (Vaults:5)
  An ogre (Depths:2)
  4 small abominations (Abyss:1)
  An orc (Vaults:3)
  14 fungi
  A lurking horror (Abyss:1)
  11 plants
  48 starspawn tentacles
  5 toadstools (Depths:1)
115 creatures vanquished.

Grand Total: 3052 creatures vanquished

Notes
Turn   | Place    | Note
-------+----------+-------------------------------------------
     0 | D:1      | Amplified the Minotaur Berserker began the quest for the
                  | Orb.
     0 | D:1      | Reached XP level 1. HP: 19/19 MP: 0/0
   175 | D:1      | Reached XP level 2. HP: 27/27 MP: 1/1
   571 | D:2      | Reached XP level 3. HP: 33/33 MP: 2/2
   614 | D:2      | Reached XP level 4. HP: 37/41 MP: 3/3
   680 | D:2      | Reached ** piety under Trog
  1078 | D:2      | Found an ancient bone altar of Kikubaaqudgha.
  1391 | D:2      | Reached XP level 5. HP: 43/47 MP: 4/4
  1713 | D:3      | Reached skill level 5 in Polearms
  1728 | D:3      | Reached skill level 5 in Fighting
  1923 | D:3      | Reached *** piety under Trog
  2070 | D:3      | Noticed Ijyb
  2266 | D:4      | Found a glowing drain.
  2274 | Sewer    | Entered a sewer
  2686 | Sewer    | Reached XP level 6. HP: 56/56 MP: 5/5
  3041 | D:4      | Reached **** piety under Trog
  3173 | D:4      | Noticed a +0 hand axe
  3178 | D:4      | Found a hide-covered altar of Uskayaw.
  3179 | D:4      | Noticed a +0 hand axe
  3509 | D:5      | Entered Level 5 of the Dungeon
  3544 | D:5      | Found a runed translucent door.
  3545 | D:5      | Noticed Crazy Yiuf
  3593 | D:5      | Found a hazy altar of Hepliaklqana.
  3670 | D:5      | Noticed a sky beast
  3683 | D:5      | Killed a sky beast
  3742 | D:5      | Reached XP level 7. HP: 57/64 MP: 6/6
  3876 | D:5      | Got a masterwork spear
  3894 | D:5      | Identified the cursed +2 spear of Distant Worlds {vamp,
                  | Dex+2} (You found it on level 5 of the Dungeon)
  4003 | D:5      | Found Zeaxau's General Store.
  4309 | D:5      | Killed Crazy Yiuf
  4474 | D:6      | Noticed Menkaure
  4795 | D:6      | Killed Menkaure
  4795 | D:6      | Reached skill level 5 in Armour
  4822 | D:6      | Reached XP level 8. HP: 73/73 MP: 7/7
  4964 | D:6      | Found a blossoming altar of Fedhas.
  5126 | D:6      | Reached skill level 5 in Dodging
  5278 | D:6      | Found a staircase to the Ecumenical Temple.
  5813 | D:7      | Noticed Duvessa
  5821 | D:6      | Reached ***** piety under Trog
  5909 | D:7      | Killed Duvessa
  5909 | D:7      | Noticed Dowan
  5912 | D:7      | Killed Dowan
  5939 | D:7      | Killed an orc warrior
  5939 | D:7      | Reached XP level 9. HP: 83/83 MP: 8/8
  6587 | D:8      | Reached skill level 1 in Shields
  7050 | D:8      | Reached skill level 10 in Fighting
  7050 | D:8      | Reached skill level 10 in Polearms
  7257 | D:9      | Paralysed by a hornet for 1 turns
  7453 | D:9      | Found Kimit's Distillery.
  7458 | D:9      | Bought a potion of heal wounds for 65 gold pieces
  7458 | D:9      | Bought a potion of curing for 39 gold pieces
  7458 | D:9      | Bought a potion of cancellation for 104 gold pieces
  7466 | D:9      | Reached XP level 10. HP: 94/94 MP: 9/9
  7577 | D:9      | Reached skill level 5 in Shields
  7623 | D:9      | Received a gift from Trog
  8105 | D:10     | Entered Level 10 of the Dungeon
  8306 | D:10     | Noticed a two-headed ogre
  8313 | D:10     | Killed a two-headed ogre
  9098 | D:11     | Reached XP level 11. HP: 104/104 MP: 10/10
  9128 | D:11     | Found a staircase to the Lair.
  9364 | D:11     | Found Bosyfit's Jewellery Emporium.
  9367 | D:11     | Bought an uncursed amulet of the acrobat for 360 gold
                  | pieces
  9700 | D:12     | Received a gift from Trog
  9703 | D:12     | Got a shimmering spear {god gift}
  9704 | D:12     | Identified the +0 spear "Felaap" {vorpal, Fragile rF+
                  | MR+++} (Trog gifted it to you on level 12 of the Dungeon)
  9922 | D:12     | Found a staircase to the Orcish Mines.
 10520 | D:12     | Noticed a seven-headed hydra
 10527 | D:12     | Killed a seven-headed hydra
 10713 | Lair:1   | Entered Level 1 of the Lair of Beasts
 10998 | Lair:1   | Reached XP level 12. HP: 115/115 MP: 11/11
 11024 | Lair:1   | Noticed Grum
 11088 | Lair:1   | Killed Grum
 11146 | Lair:1   | Noticed Sonja
 11152 | Lair:1   | Killed Sonja
 11394 | Lair:1   | Noticed Joseph
 11415 | Lair:1   | Killed Joseph
 11643 | Lair:1   | Found a runed translucent gate.
 11644 | Lair:1   | Found a runed translucent gate.
 11646 | Lair:1   | Found a runed translucent gate.
 11646 | Lair:1   | Noticed kalagan's ghost (journeyman GrFi)
 11654 | Lair:1   | Found a viscous altar of Jiyva.
 12095 | Lair:2   | Reached skill level 10 in Shields
 12105 | Lair:2   | Found a dark tunnel.
 12116 | Volcano  | Entered a volcano
 12685 | Lair:2   | Reached ****** piety under Trog
 13091 | Lair:3   | Received a gift from Trog
 13638 | Lair:3   | Noticed Gastronok
 13654 | Lair:3   | Killed Gastronok
 13654 | Lair:3   | Reached XP level 13. HP: 125/125 MP: 4/12
 13872 | Lair:4   | Found a staircase to the Snake Pit.
 14308 | Lair:4   | Reached skill level 15 in Fighting
 14313 | Lair:4   | Found a staircase to the Swamp.
 15201 | Lair:5   | Identified a scroll of acquirement
 15201 | Lair:5   | Acquired 540 gold pieces
 15443 | Lair:5   | Reached skill level 10 in Armour
 15586 | Lair:5   | Found a staircase to the Slime Pits.
 15992 | Lair:5   | Got a translucent glass ring
 16199 | Lair:6   | Entered Level 6 of the Lair of Beasts
 16313 | Lair:6   | Acquired a scarf of resistance
 16326 | Lair:6   | Received a gift from Trog
 16362 | Lair:6   | Identified the ring "Coraj" {+Fly rF++ Str-3 Dex+6 Slay-3}
                  | (You found it on level 5 of the Lair of Beasts)
 16801 | Lair:6   | Reached XP level 14. HP: 137/137 MP: 13/13
 17709 | Lair:6   | Received a gift from Trog
 17714 | Lair:6   | Reached skill level 10 in Dodging
 18650 | Orc:1    | Entered Level 1 of the Orcish Mines
 18672 | Orc:1    | Noticed Snorg
 18678 | Orc:1    | Killed Snorg
 18689 | Orc:1    | Found a transporter.
 18791 | Orc:1    | Noticed a stone giant
 18829 | Orc:1    | Found a runed translucent door.
 18853 | Orc:1    | Found a roughly hewn altar of Beogh.
 18853 | Orc:1    | Found a transporter.
 18855 | Orc:1    | Found the +10 tower shield of Ignorance {rN+ Int-4}
 18859 | Orc:1    | Found a runed translucent door.
 19048 | Orc:1    | Noticed Erica
 19063 | Orc:1    | Killed Erica
 19399 | Orc:1    | Killed a stone giant
 19487 | Orc:1    | Acquired 640 gold pieces
 19528 | Orc:2    | Entered Level 2 of the Orcish Mines
 19579 | Orc:2    | Found a staircase to the Elven Halls.
 20267 | Orc:2    | Gained mutation: Your magical capacity is low. (-10% MP) [a
                  | neqoxec]
 20433 | Orc:2    | Received a gift from Trog
 20575 | Orc:2    | Found Kihurph's Assorted Antiques.
 20578 | Orc:2    | Found Sozookec's Armour Shop.
 20579 | Orc:2    | Found Fucul's Antique Armour Shop.
 20580 | Orc:2    | Found Ofiptoef's Armour Boutique.
 20584 | Orc:2    | Bought the +7 ring mail "Udwinet" {-Tele rF+++ Int+2 Dex+4}
                  | for 1232 gold pieces
 20587 | Orc:2    | Bought a potion of heal wounds for 200 gold pieces
 20587 | Orc:2    | Bought a potion of curing for 120 gold pieces
 20587 | Orc:2    | Bought a potion of curing for 120 gold pieces
 20587 | Orc:2    | Bought a potion of heal wounds for 200 gold pieces
 20587 | Orc:2    | Bought a wand of acid (6) for 320 gold pieces
 21080 | D:13     | Reached XP level 15. HP: 147/147 MP: 4/12
 21318 | D:13     | Found a gate to the Vaults.
 21329 | D:13     | Reached skill level 15 in Shields
 22291 | D:14     | Received a gift from Trog
 22535 | D:14     | Found a runed translucent door.
 22542 | D:14     | Noticed Cown's ghost (journeyman TrHu)
 22542 | D:14     | Noticed a lich
 22547 | D:14     | Found a runed translucent door.
 22846 | D:14     | Found an ornate altar of the Wu Jian Council.
 23140 | D:15     | Entered Level 15 of the Dungeon
 23241 | D:15     | Found a staircase to the Depths.
 24225 | Elf:1    | Entered Level 1 of the Elven Halls
 24438 | Elf:1    | Reached XP level 16. HP: 152/159 MP: 4/13
 24873 | Elf:1    | Found Lempoy's Armour Emporium.
 24891 | Elf:1    | Bought a +1 pair of gloves of dexterity for 313 gold pieces
 25469 | Elf:1    | Received a gift from Trog
 25552 | Elf:1    | Identified the +4 morningstar "Eskelyrr" {flame, rElec
                  | SInv} (Trog gifted it to you on level 1 of the Elven Halls)
 25805 | Elf:2    | Found a runed translucent gate.
 25805 | Elf:2    | Found a runed translucent gate.
 25805 | Elf:2    | Found a runed translucent gate.
 26099 | Elf:2    | Found a runed translucent door.
 26104 | Elf:2    | Noticed lasso's ghost (adept GrIE)
 26179 | Elf:2    | Found Aloggun's Jewellery Boutique.
 26548 | Elf:2    | Received a gift from Trog
 26795 | Elf:2    | Noticed a deep elf blademaster
 26829 | Elf:2    | Killed a deep elf blademaster
 27421 | Elf:2    | Killed lasso's ghost
 27557 | Elf:3    | Entered Level 3 of the Elven Halls
 27686 | Elf:3    | Reached XP level 17. HP: 164/170 MP: 4/14
 27754 | Elf:3    | Received a gift from Trog
 28229 | Elf:3    | Noticed a deep elf blademaster
 28254 | Elf:3    | Noticed a deep elf blademaster
 28255 | Elf:3    | Killed a deep elf blademaster
 28288 | Elf:3    | Killed a deep elf blademaster
 28289 | Elf:3    | Noticed a Hell Sentinel
 28305 | Elf:3    | Noticed a deep elf master archer
 28306 | Elf:3    | Noticed a deep elf master archer
 28649 | Elf:3    | Killed a deep elf master archer
 28672 | Elf:3    | Received a gift from Trog
 28776 | Elf:3    | Killed a deep elf master archer
 28836 | Elf:3    | Noticed an Ice Fiend
 28961 | Elf:3    | Identified the cursed ring of Dogili {rN+ MR- MP+9 AC-4
                  | Int+3}
 29062 | Elf:3    | Noticed an Ice Fiend
 29289 | Elf:3    | Identified the +9 morningstar of the Salmon {vorpal, MR+
                  | Dex+2 Stlth+}
 29486 | Elf:3    | Identified the +7 mace of Crusades {vorpal, Dex+3}
 29486 | Elf:3    | Identified the ring of Liebov {rC+ MR+ Str-3 Int+3 Stlth+}
 29487 | Elf:3    | Found the +7 Spriggan's Knife {stab, EV+4 Stlth+}
 29724 | Elf:1    | Bought a +2 scale mail of poison resistance for 342 gold
                  | pieces
 29958 | Swamp:1  | Entered Level 1 of the Swamp
 30254 | Swamp:1  | Reached XP level 18. HP: 180/182 MP: 5/15
 30972 | Swamp:2  | Received a gift from Trog
 31691 | Swamp:2  | Noticed a tentacled monstrosity
 31705 | Swamp:2  | Killed a tentacled monstrosity
 31705 | Swamp:2  | Reached skill level 15 in Armour
 32658 | Swamp:3  | Found an ancient bone altar of Kikubaaqudgha.
 33209 | Swamp:4  | Entered Level 4 of the Swamp
 33244 | Swamp:4  | Received a gift from Trog
 34594 | Swamp:4  | Got a decaying rune of Zot
 34767 | Snake:1  | Entered Level 1 of the Snake Pit
 35364 | Snake:1  | Received a gift from Trog
 35752 | Snake:2  | Found Xovoal's Assorted Antiques.
 35810 | Snake:2  | Bought a scroll labeled UNAXUM HOGHUF for 27 gold pieces
 35810 | Snake:2  | Bought a scroll of acquirement for 1404 gold pieces
 35810 | Snake:2  | Bought 2 potions of curing for 162 gold pieces
 35810 | Snake:2  | Bought a potion of curing for 81 gold pieces
 35810 | Snake:2  | Bought a scroll of teleportation for 81 gold pieces
 35811 | Snake:2  | Acquired 920 gold pieces
 35813 | Snake:2  | Bought 2 potions of haste for 540 gold pieces
 35978 | Snake:2  | Noticed Aizul
 35998 | Snake:2  | Killed Aizul
 36231 | Snake:2  | Found Kaqoat's Jewellery Boutique.
 36231 | Snake:2  | Found Awup Joe's Gadget Shoppe.
 36231 | Snake:2  | Found an iron altar of Okawaru.
 36232 | Snake:2  | Found Ymuth's Gadget Shoppe.
 36242 | Snake:2  | Bought a wand of acid (9) for 494 gold pieces
 36615 | Snake:3  | Noticed Jorgrun
 36629 | Snake:3  | Killed Jorgrun
 36629 | Snake:3  | Reached XP level 19. HP: 191/191 MP: 5/16
 37502 | Snake:3  | Received a gift from Trog
 37609 | Snake:3  | Found a radiant altar of Vehumet.
 37839 | Snake:4  | Entered Level 4 of the Snake Pit
 37890 | Snake:4  | Found Koq Veod's Antique Weapon Boutique.
 38058 | Snake:4  | Bought a pitted broad axe for 198 gold pieces
 38059 | Snake:4  | Identified the +4 broad axe of Boleis {vorpal, Fragile
                  | +Rage Dex-5 SInv} (You bought it in a shop on level 4 of
                  | the Snake Pit)
 38095 | Snake:4  | Found Egrac's Food Shoppe.
 38115 | Snake:4  | Found Ytu Von's Jewellery Emporium.
 38137 | Snake:4  | Found Sunicvor's Weapon Emporium.
 38512 | Snake:4  | Received a gift from Trog
 38662 | Snake:4  | Got a serpentine rune of Zot
 38792 | Snake:4  | Found a shimmering altar of Xom.
 38858 | Snake:4  | Reached skill level 15 in Dodging
 39465 | Vaults:1 | Entered Level 1 of the Vaults
 39695 | Vaults:1 | You fall into a shaft and drop 1 floor!
 39710 | Vaults:2 | Noticed Bai Suzhen
 39710 | Vaults:2 | Noticed Saint Roka
 39748 | Vaults:2 | Killed Bai Suzhen
 39768 | Vaults:2 | Killed Saint Roka
 39788 | Vaults:2 | Reached XP level 20. HP: 203/203 MP: 5/17
 40155 | Vaults:2 | Found a staircase to the Crypt.
 40328 | Vaults:2 | Received a gift from Trog
 41449 | Vaults:2 | Received a gift from Trog
 41821 | Vaults:2 | Got a twisted chain mail
 41822 | Vaults:2 | Identified the cursed +0 chain mail "Senusm" {rN+ Regen+
                  | Int-2} (You found it on level 2 of the Vaults)
 42131 | Vaults:3 | Noticed Asterion
 42177 | Vaults:3 | Killed Asterion
 42262 | Vaults:3 | Received a gift from Trog
 42622 | Vaults:3 | Received a gift from Trog
 42622 | Vaults:3 | Reached XP level 21. HP: 93/214 MP: 5/17
 44097 | Vaults:4 | Received a gift from Trog
 44436 | Vaults:4 | Noticed Jory
 44472 | Vaults:4 | Killed Jory
 44498 | Vaults:4 | Found Titi's Magic Scroll Emporium.
 44505 | Vaults:4 | Bought a scroll of teleportation for 42 gold pieces
 44505 | Vaults:4 | Bought a scroll of fear for 49 gold pieces
 44506 | Vaults:4 | Bought a scroll of enchant armour for 105 gold pieces
 44506 | Vaults:4 | Bought a scroll of enchant armour for 105 gold pieces
 45688 | Depths:1 | Entered Level 1 of the Depths
 45690 | Depths:1 | Noticed the Enchantress
 45727 | Depths:1 | Received a gift from Trog
 45756 | Depths:1 | Killed the Enchantress
 46747 | Depths:1 | Received a gift from Trog
 47236 | Depths:1 | Found a gateway to Hell.
 47375 | Depths:1 | Reached XP level 22. HP: 226/226 MP: 6/18
 48072 | Depths:2 | Noticed a juggernaut
 48100 | Depths:2 | Killed a juggernaut
 48140 | Depths:2 | Paralysed by a floating eye for 4 turns
 48153 | Depths:2 | HP: 9/226 [spriggan berserker/+0 antimagic flail (34)]
 48159 | Depths:2 | Paralysed by a floating eye for 2 turns
 48542 | Depths:2 | Received a gift from Trog
 49068 | Depths:2 | Acquired the ring of Qeif {+Inv rF+ rN+}
 49317 | Depths:2 | Found a transporter.
 49320 | Depths:2 | Identified the +7 glaive "Killer Klown's Peril" {distort,
                  | Str+3}
 49321 | Depths:2 | Noticed lllmatko's ghost (veteran MiBe)
 49327 | Depths:2 | Found a one-way gate to the infinite horrors of the Abyss.
 49344 | Depths:2 | Found a transporter.
 49361 | Depths:2 | Received a gift from Trog
 49752 | Depths:2 | Found a portal to a secret trove of treasure.
 50867 | Depths:3 | Found a one-way gate leading to the halls of Pandemonium.
 51217 | Depths:3 | Reached XP level 23. HP: 211/236 MP: 6/19
 52163 | Depths:3 | Found a gateway to a ziggurat.
 52191 | Depths:3 | Received a gift from Trog
 52498 | Depths:3 | Identified the +3 ring mail of Imperfection {rF+ rN+} (You
                  | found it on level 3 of the Depths)
 53059 | Depths:4 | Received a gift from Trog
 54353 | Depths:5 | Entered Level 5 of the Depths
 54507 | Depths:5 | Received a gift from Trog
 55236 | Depths:5 | Reached XP level 24. HP: 180/245 MP: 6/19
 55701 | Depths:5 | Found a gate to the Realm of Zot.
 57012 | Crypt:1  | Entered Level 1 of the Crypt
 57156 | Crypt:1  | Received a gift from Trog
 57915 | Crypt:2  | Noticed Mennas
 57950 | Crypt:2  | Killed Mennas
 57956 | Crypt:2  | Reached skill level 27 in Shields
 59516 | Depths:2 | You paid a toll of a +4 demon whip to enter a treasure
                  | trove
 59517 | Trove    | Entered a treasure trove
 59525 | Trove    | Got a vibrating crystal amulet
 59529 | Trove    | Got a steaming marble ring
 59531 | Trove    | Got a steaming tin ring
 59539 | Trove    | Got a wavering turquoise ring
 59541 | Trove    | Got a warped granite ring
 59543 | Trove    | Got a brightly glowing granite ring
 59545 | Trove    | Got a flickering ivory ring
 59593 | Depths:2 | Identified the amulet of the Hare {rC+ rN+ Regen+} (You
                  | found it in a treasure trove)
 59596 | Depths:2 | Identified the ring "Jagarphasm" {*Contam rElec rF+++ rCorr
                  | Str+3} (You found it in a treasure trove)
 59597 | Depths:2 | Identified the ring of Nooqoam {+Fly rC- MR+ Dex+2} (You
                  | found it in a treasure trove)
 59599 | Depths:2 | Identified the ring "Poaz" {rPois rN++ Int+5 Stlth-} (You
                  | found it in a treasure trove)
 59600 | Depths:2 | Identified the ring of Hiwour {Ice +Fly} (You found it in a
                  | treasure trove)
 59602 | Depths:2 | Identified the ring "Tautuedd" {rF+ rC+ Int+5} (You found
                  | it in a treasure trove)
 59603 | Depths:2 | Identified the ring "Boehi" {rF+ MP+9 Str+6 Dex+4 Slay+3}
                  | (You found it in a treasure trove)
 59825 | Lair:1   | Received a gift from Trog
 59830 | Lair:1   | Killed kalagan's ghost
 60128 | Vaults:5 | Entered Level 5 of the Vaults
 60770 | Vaults:5 | Received a gift from Trog
 60773 | Vaults:5 | Identified the +6 hunting sling "Duschoal" {freeze, Fragile
                  | +Fly MP+9}
 60891 | Vaults:5 | Noticed Mara
 60896 | Vaults:5 | Noticed Amplified's illusion
 60953 | Vaults:5 | Noticed Amplified's illusion
 61023 | Vaults:5 | Noticed Amplified's illusion
 61284 | Vaults:5 | Reached XP level 25. HP: 247/253 MP: 6/19
 61351 | Vaults:5 | Identified the cursed +1 dagger of Beptes {vorpal, MP+9}
 61356 | Vaults:5 | Identified the +9 great sword "Hutud" {protect, +Inv rF-
                  | MR+ Str+2}
 61374 | Vaults:5 | Identified the +1 leather armour of Indecent Exposure
                  | {*Drain rN++ MR+ rCorr}
 61596 | Vaults:5 | Identified the cursed +0 halberd of the Singing Owl
                  | {vorpal, rC+ MR+}
 61611 | Vaults:5 | Cast into level 3 of the Abyss (a deep elf demonologist)
 61611 | Abyss:3  | Found a corrupted altar of Lugonu.
 61715 | Abyss:4  | Found a corrupted altar of Lugonu.
 62203 | Abyss:4  | Paralysed by accursed screaming for 1 turns
 62211 | Abyss:4  | Paralysed by accursed screaming for 1 turns
 62273 | Abyss:4  | Received a gift from Trog
 62539 | Abyss:4  | Reached skill level 27 in Fighting
 62619 | Vaults:5 | Escaped the Abyss
 62908 | Vaults:5 | Noticed an ancient lich
 62922 | Vaults:5 | Killed an ancient lich
 63018 | Vaults:5 | Reached XP level 26. HP: 186/266 MP: 6/19
 63163 | Vaults:5 | Received a gift from Trog
 63263 | Vaults:5 | Got a silver rune of Zot
 63423 | Vaults:5 | Killed Mara
 63807 | Vaults:5 | Got a twitching iron ring
 63921 | Vaults:5 | Identified the ring of Roziydei {+Fly MR- Str+8 Int+6 SInv}
                  | (You found it on level 5 of the Vaults)
 63994 | Vaults:5 | Got a blackened lajatang
 64003 | Vaults:5 | Identified the +9 lajatang of Disintegration {freeze, +Fly
                  | rN+} (You found it on level 5 of the Vaults)
 64317 | D:5      | Bought a scroll of enchant weapon for 105 gold pieces
 64317 | D:5      | Bought a scroll of identify for 28 gold pieces
 64317 | D:5      | Bought 2 potions of stabbing for 112 gold pieces
 64694 | Crypt:3  | Entered Level 3 of the Crypt
 65386 | Crypt:3  | Received a gift from Trog
 65416 | Crypt:3  | Noticed an ancient lich
 65416 | Crypt:3  | Noticed an ancient lich
 65438 | Crypt:3  | Killed an ancient lich
 65446 | Crypt:3  | Paralysed by an ancient lich for 4 turns
 65454 | Crypt:3  | Killed an ancient lich
 65461 | Crypt:3  | Noticed an ancient lich
 65471 | Crypt:3  | Killed an ancient lich
 65500 | Crypt:3  | Identified the ring of Jineziny {*Drain rElec rF+++ MR+
                  | Slay+6} (You found it on level 3 of the Crypt)
 65517 | Crypt:3  | Identified Taly's Handbook of Supportive Flight
 65522 | Crypt:3  | Identified the cursed +1 ring mail of Lituc {Harm rCorr
                  | Int+5} (You found it on level 3 of the Crypt)
 65634 | Crypt:3  | Found a staircase to the Tomb.
 66203 | Depths:2 | Paralysed by accursed screaming for 1 turns
 66430 | Depths:2 | Paralysed by accursed screaming for 1 turns
 66445 | Depths:2 | Paralysed by accursed screaming for 1 turns
 66460 | Depths:2 | Paralysed by accursed screaming for 2 turns
 66464 | Depths:2 | Paralysed by accursed screaming for 2 turns
 66469 | Depths:2 | Paralysed by accursed screaming for 2 turns
 66710 | Zot:1    | Entered Level 1 of the Realm of Zot
 66710 | Zot:1    | Noticed an ancient lich
 66727 | Depths:5 | Killed an ancient lich
 67293 | Zot:2    | Received a gift from Trog
 68029 | Zot:3    | Reached XP level 27. HP: 221/273 MP: 6/19
 68535 | Zot:3    | Identified the +5 buckler of the Trout {Int+3} (You found
                  | it on level 3 of the Realm of Zot)
 68558 | Zot:4    | Found a transporter.
 68827 | Zot:4    | Found a transporter.
 69653 | Zot:5    | Entered Level 5 of the Realm of Zot
 70019 | Zot:1    | Received a gift from Trog
 70253 | Zot:1    | Got a twisted chain mail
 70908 | Zot:1    | Identified the cursed +1 chain mail of Demonic Satisfaction
                  | {MR+ Int-3 Dex+2} (You found it on level 1 of the Realm of
                  | Zot)
 70978 | Depths:4 | Voluntarily entered the Abyss.
 71297 | Abyss:1  | Noticed an ancient lich
 71315 | Abyss:1  | Killed an ancient lich
 71315 | Abyss:1  | Reached skill level 27 in Armour
 71622 | Abyss:1  | Gained mutation: You occasionally shout uncontrollably at
                  | your foes. [a neqoxec]
 71689 | Abyss:1  | Paralysed by accursed screaming for 1 turns
 71697 | Abyss:1  | Paralysed by accursed screaming for 1 turns
 71834 | Abyss:1  | Received a gift from Trog
 72131 | Abyss:1  | Paralysed by you for 6 turns
 72334 | Abyss:2  | Got a pair of dazzling boots
 72345 | Abyss:2  | Identified the +0 pair of boots "Forget-Me-Not" {+Fly MR++
                  | Str+4 Stlth+} (You found it on level 2 of the Abyss)
 72505 | Abyss:3  | Acquired the +1 pair of gloves of Kacyiv {rPois rC++ Int-4
                  | Stlth+}
 72529 | Abyss:3  | Paralysed by accursed screaming for 2 turns
 72533 | Abyss:3  | Paralysed by accursed screaming for 2 turns
 72580 | Abyss:3  | Got an abyssal rune of Zot
 72590 | Depths:4 | Escaped the Abyss
 73156 | Slime:1  | Entered Level 1 of the Pits of Slime
 73371 | Slime:1  | Gained mutation: You are resistant to hostile enchantments.
                  | (MR+) [a shining eye]
 73373 | Slime:1  | Lost mutation: You occasionally shout uncontrollably at
                  | your foes. [a shining eye]
 73834 | Slime:5  | Entered Level 5 of the Pits of Slime
 73940 | Slime:5  | Reached skill level 27 in Dodging
 73943 | Slime:5  | Received a gift from Trog
 73946 | Slime:5  | Noticed the Royal Jelly
 73972 | Slime:5  | Paralysed by a floating eye for 4 turns
 73982 | Slime:5  | Reached skill level 1 in Evocations
 74037 | Slime:5  | Found a viscous altar of Jiyva.
 74040 | Slime:5  | Found the +8 storm bow {elec, penet}
 74346 | Slime:5  | Killed the Royal Jelly
 74346 | Slime:5  | Reached skill level 15 in Polearms
 74426 | Slime:5  | Identified a +2 pair of boots of running (You found it on
                  | level 5 of the Pits of Slime)
 74436 | Slime:5  | Identified Hawynesokk's Incunabulum of the Shifting Compass
 74484 | Slime:5  | Got a slimy rune of Zot
 74485 | Slime:5  | Identified the Handbook of Entrancing Black Arts
 74497 | Slime:5  | Identified the ring "Henwi" {Ice rN+ Int+4} (You found it
                  | on level 5 of the Pits of Slime)
 74564 | Slime:5  | Got a sparkling ivory ring
 74566 | Slime:5  | Identified the ring "Ciagyngyd" {Ice Str+7 Int+2} (You
                  | found it on level 5 of the Pits of Slime)
 74591 | Slime:5  | Got a blackened broad axe
 74592 | Slime:5  | Identified the cursed +3 broad axe of Yptiur {vamp, SInv}
                  | (You found it on level 5 of the Pits of Slime)
 74717 | Lair:6   | Identified the Disquisition on Necromancy and the Frostbite
 75010 | Zig:1    | Entered Level 1 of a ziggurat
 75030 | Zig:2    | Entered Level 2 of a ziggurat
 75081 | Zig:3    | Entered Level 3 of a ziggurat
 75124 | Zig:3    | Got a translucent golden ring
 75126 | Zig:3    | Identified the ring "Ustergh" {rF- rC++ rN+ Dex+2 Stlth+}
                  | (You found it on level 3 of a ziggurat)
 75135 | Zig:4    | Entered Level 4 of a ziggurat
 75140 | Zig:4    | Found the +7 great mace "Undeadhunter" {disrupt, rN+}
 75183 | Zig:5    | Entered Level 5 of a ziggurat
 75222 | Zig:5    | Got a smoking ruby amulet
 75224 | Zig:5    | Identified the amulet of Mugoxudu {Faith +Inv} (You found
                  | it on level 5 of a ziggurat)
 75230 | Zig:5    | Got a transparent pewter ring
 75232 | Zig:5    | Identified the ring of Egomania {rPois rF++ rC- Int+4} (You
                  | found it on level 5 of a ziggurat)
 75275 | Zig:6    | Entered Level 6 of a ziggurat
 75279 | Zig:6    | Noticed a juggernaut
 75294 | Zig:6    | Killed a juggernaut
 75294 | Zig:6    | Reached skill level 5 in Evocations
 75365 | Zig:7    | Entered Level 7 of a ziggurat
 75525 | Zig:8    | Entered Level 8 of a ziggurat
 75601 | Zig:8    | Found the +5 robe of Night {Dark MR+ SInv}
 75621 | Zig:8    | Got a heavily runed steel ring
 75622 | Zig:8    | Identified the ring "Ohimered" {rElec MP+9} (You found it
                  | on level 8 of a ziggurat)
 75963 | Zot:5    | Noticed an ancient lich
 75970 | Zot:5    | Noticed an ancient lich
 75979 | Zot:5    | Killed an ancient lich
 75991 | Zot:5    | Killed an ancient lich
 76046 | Zot:5    | Gained mutation: You are dopey. (Int -2) [mutagenic glow]
 76101 | Zot:5    | Gained mutation: You are very dopey. (Int -4) [mutagenic
                  | glow]
 76120 | Zot:5    | Noticed an orb of fire
 76134 | Zot:5    | Noticed an orb of fire
 76139 | Zot:5    | Killed an orb of fire
 76150 | Zot:5    | Killed an orb of fire
 76155 | Zot:5    | Noticed an ancient lich
 76169 | Zot:5    | Killed an ancient lich
 76182 | Zot:5    | Gained mutation: You passively map a small area around you.
                  | [mutagenic glow]
 76227 | Zot:5    | Reached skill level 10 in Evocations
 76256 | Zot:5    | Gained mutation: You tend to lose your temper in combat.
                  | [mutagenic glow]
 76284 | Zot:5    | Lost mutation: Your magical capacity is low. (-10% MP)
                  | [potion of mutation]
 76284 | Zot:5    | Lost mutation: You are very dopey. (Int -4) [potion of
                  | mutation]
 76284 | Zot:5    | Lost mutation: You tend to lose your temper in combat.
                  | [potion of mutation]
 76284 | Zot:5    | Gained mutation: You tend to lose your temper in combat.
                  | [potion of mutation]
 76284 | Zot:5    | Gained mutation: Your flesh is cold resistant. (rC+)
                  | [potion of mutation]
 76296 | Zot:5    | Gained mutation: Your spells are a little easier to cast,
                  | but a little less powerful. [mutagenic glow]
 76354 | Zot:5    | Gained mutation: You often lose your temper in combat.
                  | [mutagenic glow]
 76533 | Zot:5    | Lost mutation: You often lose your temper in combat.
                  | [potion of mutation]
 76533 | Zot:5    | Lost mutation: Your spells are a little easier to cast, but
                  | a little less powerful. [potion of mutation]
 76533 | Zot:5    | Lost mutation: You tend to lose your temper in combat.
                  | [potion of mutation]
 76533 | Zot:5    | Lost mutation: You are resistant to hostile enchantments.
                  | (MR+) [potion of mutation]
 76533 | Zot:5    | Gained mutation: You are very dopey. (Int -4) [potion of
                  | mutation]
 76533 | Zot:5    | Gained mutation: You are clumsy. (Dex -2) [potion of
                  | mutation]
 76533 | Zot:5    | Gained mutation: You have supernaturally acute eyesight.
                  | (SInv) [potion of mutation]
 76553 | Zot:5    | Got the Orb of Zot
 76803 | Depths:3 | Noticed Voextod the pandemonium lord
 76824 | Depths:3 | Killed Voextod the pandemonium lord
 77184 | D:$      | Escaped with the Orb!

Illustrated notes

Levels and vault maps discovered:
D:1:      minmay_arrival_semitransparent, layout_rooms
D:2:      minmay_razor_zed, layout_loops_ring, lemuel_round_altar
D:3:      layout_rooms, zin_angel, uniq_ijyb
D:4:      layout_loops_ring, dancing_weapons_uskayaw, lightli_sewer_entry_pipes,
          minmay_fire_ice_demons
D:5:      layout_gridville, overflow_temple_1_default, first_ration,
          serial_shops, shop, uniq_crazy_yiuf_cottage
D:6:      layout_loops_ring, fedhas_altar_2, minmay_temple_entry_poolview,
          uniq_menkaure
D:7:      layout_basic, uniq_duvessa
D:8:      layout_basic
D:9:      layout_loops_ring, serial_shops, shop
D:10:     layout_gridville
D:11:     layout_cross, due_lair_maze_entry_diamond, serial_shops,
          nicolae_shop_behind_doors, grunt_pizzeria
D:12:     layout_irregular_city, david_orc_2
D:13:     layout_basic, david_vaults_5
D:14:     layout_cave_pods, basic_altar, muffindrake_ghost_dual_entry
D:15:     grunt_enter_depths_snipers, layout_stronghold,
          grunt_decor_mini_mirrors
Lair:1:   layout_long_grid, gammafunk_ghost_ooze, minmay_lair_oklob_items,
          st_stairs_7, serial_bayou_shore_a, grunt_megastairs_3, uniq_sonja,
          uniq_grum, uniq_joseph
Lair:2:   layout_long_grid, enter_volcano_4, wad_woods_road_03,
          grunt_megastairs_1
Lair:3:   layout_regular_city, infiniplex_staircase_pool_2, uniq_gastronok
Lair:4:   layout_small_grid, nicolae_swamp_entry_splash_gauntlet,
          guppyfry_snake_entry_garden, special_room [special_room_mythical_zoo],
          chequers_serial_rivers_small_b, grunt_megastairs_4, lemuel_fruit_tree
Lair:5:   layout_layer_cave, nicolae_slime_entry_slimehenge,
          chequers_serial_rivers_marsh, chequers_serial_rivers_small_a,
          cheibrodos_lair_lostbears
Lair:6:   minmay_lair_end_enchanted_forest, layout_regular_city,
          lemuel_fruit_fields, minmay_lair_oklob_chamber, serial_bayou_shore_b
Swamp:1:  layout_falls_marsh, nicolae_swamp_rocky_clearing
Swamp:2:  layout_basic_swamp, evilmike_swamp_ruin_house_3, swamp_pool2
Swamp:3:  layout_falls_marsh, nicolae_swamp_godswood, infiniplex_staircase_pool
Swamp:4:  swamp_fiery, layout_basic_swamp, swamp_pool5,
          nicolae_swamp_baby_hydras
Snake:1:  layout_honeycomb, serial_bayou_shore_b
Snake:2:  layout_misc_corridors, basic_altar, serial_shops, shop_statue,
          minmay_shop_grove, uniq_aizul
Snake:3:  layout_gridlike, basic_altar, uniq_jorgrun
Snake:4:  snake_pit, layout_cave_town, serial_shops, shop, shop, shop, shop,
          basic_altar, grunt_ministairs_7
Slime:1:  layout_caves
Slime:2:  layout_caves
Slime:3:  layout_caves
Slime:4:  layout_caves
Slime:5
Orc:1:    gammafunk_beogh_shrine, layout_diamond_mine,
          chequers_guarded_unrand_ignorance, uniq_erica, uniq_snorg
Orc:2:    st_orc_pillars, layout_caves
Elf:1:    minmay_elf_arrival_summoners, layout_gridlike, serial_shops,
          nicolae_shop_trees, evilmike_minifort
Elf:2:    layout_geoelf_octagon, serial_shops, nicolae_shop_window_shopping,
          ebering_ghost_inner_flame
Elf:3:    elf_hall, layout_gridlike
Vaults:1: hangedman_vaults_stream, nicolae_vaults_yaktaur_gun_rack, v_misc_27,
          hangedman_vaults_maws, v_misc_19, grunt_vaults_twisty,
          nicolae_vaults_little_squares_1, vaults_dpeg_ring,
          layout_vaults_quadrants
Vaults:2: ontoclasm_vaults_decontamination, ontoclasm_vaults_ligature,
          blue_anna_dwarven_crypt, vaults_room_door_hall,
          nicolae_vaults_little_ls, nicolae_vaults_lopsided_apartments,
          nicolae_vaults_little_squares_2, nicolae_vaults_network_star,
          v_misc_28, v_misc_25, vaults_mumra_hex, v_misc_14,
          nicolae_vaults_little_squares_3, layout_vaults_ring, uniq_bai_suzhen,
          uniq_saint_roka
Vaults:3: v_misc_13, v_misc_3, vaults_room_stairs_pillars,
          hangedman_vaults_unwind, nicolae_vaults_sealed_display,
          nicolae_vaults_diagonal_hallway_8, vaults_room_fours,
          vaults_mumra_lcd, nicolae_vaults_what_the_h,
          vaults_mumra_minichess_inversion, layout_vaults_omnicross,
          uniq_asterion
Vaults:4: nicolae_vaults_mini_display_case, nicolae_vaults_network_barrier,
          hangedman_vaults_stretched_pinwheel, nicolae_vaults_network_periphery,
          nicolae_vaults_little_squares_6, nicolae_vaults_asterisk,
          nicolae_vaults_statue_guard, layout_vaults_chaotic_city, serial_shops,
          shop_scrolls, uniq_jory
Vaults:5: serial_shops, uniq_mara
Crypt:1:  layout_basic
Crypt:2:  layout_catacombs, uniq_mennas
Crypt:3:  david_glass_crypt, layout_misc_corridors,
          nicolae_tomb_entry_rubble_hallway
Depths:1: layout_cave_shapes, roderic_serpentine_path, grunt_hell_entry_dis_mu,
          eino_tiny_chamber, nicolae_lava_and_water, minmay_gold_behind_fungi,
          minmay_parallelograms, nrook_loot_triangle, hex_large,
          serial_sigils_hangedman_gnaw, lightli_minifort, uniq_enchantress
Depths:2: minmay_the_grid_square_5x5_4x4 [minmay_the_grid_square_5x5_bridge,
          minmay_the_grid_square_5x5_eight_small,
          minmay_the_grid_square_5x5_mess, minmay_the_grid_square_5x5_inner_v,
          minmay_the_grid_square_5x5_meh, minmay_the_grid_square_5x5_prize_junk,
          minmay_the_grid_square_5x5_prize_pseudospiral,
          minmay_the_grid_square_5x5_bite, minmay_the_grid_square_5x5_spiral,
          minmay_the_grid_square_5x5_prize_deathbox,
          minmay_the_grid_square_5x5_prize_rear_guard,
          minmay_the_grid_square_5x5_inner_z,
          minmay_the_grid_square_5x5_fancy_junction,
          minmay_the_grid_square_5x5_half_checkered,
          minmay_the_grid_square_5x5_checkered_sparse,
          minmay_the_grid_square_5x5_misaligned], layout_gridville,
          hangedman_coc_ice_floe, enter_trove_6, roderic_roman_lattice,
          gammafunk_ghost_abyssal_escape
Depths:3: wad_lake_hut, layout_cave_shapes, enter_ziggurat_e, hell_entry,
          rand_demon_pan_entry_5, infiniplex_staircase_x
Depths:4: evilmike_hourglass, layout_gridlike, hellmouth_1, abyss_entry,
          chequers_serial_rivers_large_a
Depths:5: lemuel_castle_with_subvaults [lemuel_castle_interior_original],
          layout_cave_pools, hangedman_decor_peaks_small, hell_entry,
          serial_sigils_hangedman_scar
Zot:1:    ebering_klown_carousel, layout_gridlike
Zot:2:    layout_cathedral_of_symmetry
Zot:3:    layout_basic
Zot:4:    gammafunk_its_a_trap, layout_cathedral_of_symmetry
Zot:5:    layout_basic

Skill      XL: |  1  2  3  4  5  6  7  8  9 10 11 12 13 14 15 16 17 18 19 20 21 22 23 24 25 26 27 |
---------------+----------------------------------------------------------------------------------+-----
Fighting       | 4 5 6 7 9 10 11 13 14 16 17 18 20 21 22 23 24 25 26 27 | 27.0
Polearms       | 4 5 6 7 9 10 11 13 14 19 | 19.0
Armour         | 3 4 5 6 8 9 10 11 12 13 14 15 16 17 18 19 20 22 23 25 27 | 27.0
Dodging        | 3 4 5 7 8 9 10 11 12 13 14 15 16 17 18 20 21 23 27 | 27.0
Shields        | 4 5 8 11 13 14 16 17 19 20 21 22 23 24 26 27 | 27.0
Evocations     | 11 | 11.0

Action                   |  1- 3 |  4- 6 |  7- 9 | 10-12 | 13-15 | 16-18 | 19-21 | 22-24 | 25-27 || total
-------------------------+-------+-------+-------+-------+-------+-------+-------+-------+-------++-------
Melee: Spear             |    49 |       |   343 |   216 |       |       |       |       |       ||   608
       Headbutt          |     6 |    24 |    71 |   189 |   426 |   419 |   577 |   864 |  1045 ||  3621
       Halberd           |     7 |   264 |    18 |       |       |       |       |       |       ||   289
       Trident           |       |       |       |   725 |  1200 |       |       |       |       ||  1925
       Demon trident     |       |       |       |    11 |   886 |  1936 |  2439 |  3005 |  2922 || 11199
       Trishula          |       |       |       |       |       |       |       |       |   502 ||   502
Throw: Dart              |     2 |       |     1 |       |       |       |     1 |       |       ||     4
Invok: Berserk           |     2 |       |     2 |     2 |     3 |     5 |     4 |     1 |     5 ||    24
       Trog's Hand       |       |       |       |       |     4 |    14 |    12 |    21 |    23 ||    74
       Brothers in Arms  |       |       |       |       |     1 |       |     1 |     7 |     5 ||    14
 Abil: Evoke Invisibilit |       |       |       |       |       |       |       |     1 |       ||     1
Evoke: Wand              |       |       |     4 |    10 |     6 |    12 |     8 |     4 |    11 ||    55
       Phantom mirror    |       |       |       |       |     1 |       |       |       |       ||     1
  Use: Scroll            |     2 |     8 |     5 |    13 |    13 |    20 |     9 |    36 |    33 ||   139
       Potion            |     2 |     4 |     2 |     5 |    10 |     8 |    11 |    13 |    18 ||    73
 Stab: Distracted        |       |       |     2 |       |       |       |     1 |     5 |     2 ||    10
       Confused          |       |       |       |     6 |       |     5 |     2 |     3 |     3 ||    19
       Invisible         |       |       |       |       |     3 |     5 |       |       |     6 ||    14
       Sleeping          |       |       |       |       |       |       |     3 |       |    13 ||    16
       Petrified         |       |       |       |       |       |       |       |     4 |       ||     4
       Petrifying        |       |       |       |       |       |       |       |     2 |       ||     2
       Paralysed         |       |       |       |       |       |       |       |       |     1 ||     1
  Eat: Chunk             |       |    12 |     5 |    12 |    34 |    25 |    29 |    23 |    25 ||   165
       Ration            |       |       |     3 |     3 |     2 |     8 |     4 |    11 |    15 ||    46
Armor: Ring mail         |    12 |    89 |    39 |       |       |       |       |    38 |   221 ||   399
       Plate armour      |       |       |    58 |   283 |   329 |   126 |       |       |       ||   796
       Scale mail        |       |       |       |       |       |    40 |       |       |       ||    40
       Swamp dragon scal |       |       |       |       |       |    39 |    98 |       |       ||   137
       Acid dragon scale |       |       |       |       |       |       |    19 |   129 |    79 ||   227
Dodge: Dodged            |    22 |   158 |   123 |   211 |   514 |   577 |   619 |   816 |   790 ||  3830
Block: Buckler           |       |       |    24 |   121 |       |       |       |       |       ||   145
       Tower shield      |       |       |       |   298 |  1521 |  1447 |  2027 |  2620 |  2831 || 10744
       Reflection        |       |       |       |       |       |       |       |     1 |       ||     1
